 Dungeon Crawl Stone Soup version 0.28-a0-1199-gef9e1dbd39 (webtiles) character file.

Game seed: 978495193198815688

4 Crownlay the Digger (level 1, -1/10 HPs)
             Began as a Gargoyle Earth Elementalist on Dec 19, 2021.
             Frozen to death by an endoplasm (5 damage)
             ... on level 1 of the Dungeon.
             The game lasted 00:00:55 (237 turns).

Crownlay the Digger (Gargoyle Earth Elementalist)    Turns: 237, Time: 00:00:55

Health: -1/10      AC:  4    Str: 11    XL:     1   Next: 60%
Magic:  3/3        EV: 11    Int: 15    God:
Gold:   45         SH:  0    Dex: 10    Spells: 3/4 levels left

rFire   . . .      SeeInvis .   d - +0 dagger
rCold   . . .      Faith    .   (no shield)
rNeg    + . .      Spirit   .   b - +0 robe
rPois   ∞          Reflect  .   (no helmet)
rElec   +          Harm     .   (no cloak)
rCorr   .          Rampage  .   (no gloves)
Will    .....                   (no boots)
Stlth   ++........              (no amulet)
HPRegen 0.03/turn               (no ring)
MPRegen 0.08/turn               (no ring)

@: no status effects
A: sickness immunity, AC +2, negative energy resistance 1, electricity
resistance, torment resistance 1, petrification resistance
a: no special abilities


You were on level 1 of the Dungeon.
You visited 1 branch of the dungeon, and saw 1 of its levels.

You collected 45 gold pieces.

Inventory:

Hand Weapons
 d - a +0 dagger (weapon)
Missiles
 c - 29 stones
Armour
 b - a +0 robe (worn)
Scrolls
 a - a scroll of fog {unknown}


   Skills:
 - Level 1.5 Dodging
 - Level 2.1 Stealth
 * Level 2.2 Spellcasting
 - Level 0.7 Transmutations
 + Level 3.7 Earth Magic


You had 3 spell levels left.
You knew the following spells:

 Your Spells              Type           Power      Damage    Failure   Level
a - Sandblast             Erth           24%        2d8       4%          1

Your spell library contained the following spells:

 Spells                   Type           Power      Damage    Failure   Level
 Passwall                 Tmut/Erth      6%         N/A       13%         2
 Stone Arrow              Conj/Erth      14%        3d7       30%         3
 Petrify                  Tmut/Erth      8%         N/A       65%         4


Dungeon Overview and Level Annotations

Branches:
Dungeon (1/15)

Altars:

Shops:
D:1 [


Innate Abilities, Weirdness & Mutations

You are immune to sickness and miasma.
Your stone body is resilient. (AC +2)
You are immune to poison.
You resist negative energy. (rN+)
You are resistant to electric shocks. (rElec)
You are resistant to unholy torment.
You are immune to petrification.


Message History

No target in view!
Magic restored.
HP restored.
You see here a giant cockroach corpse.
Found Ugeun's Armour Shop.
There is an entrance to Ugeun's Armour Shop here.
Found 2 atropa-tipped darts.
Found 4 boomerangs.
You now have 38 gold pieces (gained 11).
You now have 45 gold pieces (gained 7).
You see here 4 boomerangs.
A kobold comes into view. It is wielding a +0 dagger.
An endoplasm comes into view.
The endoplasm quivers.
The blast of sand misses the kobold.
The blast of sand hits the kobold!
You kill the kobold!
Things that are here:
a +0 dagger; 3 stones
d - a +0 dagger;
c - 30 stones (gained 3)
d - a +0 dagger (weapon)
The blast of sand hits the endoplasm!
You kill the endoplasm!
An endoplasm comes into view.
Found 9 gold pieces. 2 quokkas come into view.
A quokka comes into view.
The endoplasm quivers.
The quokka bites you.
The quokka bites you but does no damage. x3
You hit the quokka but do no damage. The quokka closely misses you.
The quokka misses you.
You hit the endoplasm but do no damage. The quokka barely misses you.
The endoplasm hits you but does no damage.
The quokka bites you but does no damage.
You barely miss the endoplasm. The quokka bites you. The quokka misses you.
The endoplasm freezes you.
You are frozen.
Ouch! That really hurt!
You die...

.##### .....# #..#..... .#
##.###.## ### .# .......#
.. .# ######....#####.##.#
# #.....#....### #
#...rrr..# #J@.# ##..#
#..## #...#
################.#.####...
.........##...............
########..#.###..#####...$
#.....###.## ..
......#.......#


You could see an endoplasm and 3 quokkas.

Vanquished Creatures
  An endoplasm (D:1)
  A giant cockroach (D:1)
  A kobold (D:1)
3 creatures vanquished.

Notes
Turn   | Place    | Note
-------+----------+-------------------------------------------
     0 | D:1      | Crownlay the Gargoyle Earth Elementalist began the quest
                  | for the Orb.
     0 | D:1      | Reached XP level 1. HP: 10/10 MP: 3/3
   132 | D:1      | Found Ugeun's Armour Shop.
   237 | D:1      | Frozen to death by an endoplasm

Illustrated notes

Levels and vault maps discovered:
D:1:      dpeg_arrival_fog, layout_rooms, serial_shops, shop, hex_tiny

Action                   || total
-------------------------++-------
Melee: Unarmed           ||    11
       Dagger            ||     3
 Cast: Sandblast         ||     4
Armor: Robe              ||     8
Dodge: Dodged            ||    12

Table legend: (Time is in decaauts)
 A = Elapsed time spent in this place.
 B = Non-inter-level travel time spent in this place.
 C = Inter-level travel time spent in this place.
 D = Time resting spent in this place.
 E = Time spent auto-exploring this place.
 F = Levels seen in this place.
 G = Mean time per level.
                   A        B        C        D        E       F      G
               +--------+--------+--------+--------+--------+-----+--------+
         Total |    236 |    236 |      0 |      0 |    198 |   1 |  236.0 |
       Dungeon |    236 |    236 |      0 |      0 |    198 |   1 |  236.0 |
               +--------+--------+--------+--------+--------+-----+--------+

Top non-repeatable levels by time:
     D:1: 236 daAuts
